 Dungeon Crawl Stone Soup version 0.14-a0-2001-g390038d (webtiles) character file.

215 Kae the Sneak (level 4, -8/21 HPs)
             Began as a Spriggan Enchanter on Jan 18, 2014.
             Mangled by Sigmund
             ... wielding a +6,+2 scythe of dragon slaying
              (13 damage)
             ... on Level 3 of the Dungeon.
             The game lasted 00:02:05 (2334 turns).

Kae the Sneak (Spriggan Enchanter)                  Turns: 2334, Time: 00:02:05

HP  -8/21        AC  3     Str  5      XL: 4   Next: 18%
MP  11/13        EV 18     Int 16      God:
Gold 135         SH  0     Dex 16      Spells:  2 memorised,  6 levels left

rFire  . . .     SeeInvis +     a - +1 dagger
rCold  . . .     Clarity  .     b - +1 robe
rNeg   . . .     Conserve .     (shield restricted)
rPois  .         rCorr    .     (helmet restricted)
rElec  .         rRot     .     (no cloak)
SustAb . .       Spirit   .     (gloves unavailable)
rMut   .         Warding  .     (boots unavailable)
Saprov . . .     Stasis   .     (no amulet)
MR     .....                    (no ring)
                                (no ring)

@: very quick, not resistant to hostile enchantments, quite stealthy
A: unfitting armour, see invisible, herbivore 3, speed 3, slow metabolism 2
a: no special abilities


You were on level 3 of the Dungeon.
You were not hungry.

You visited 1 branch of the dungeon, and saw 3 of its levels.

You collected 135 gold pieces.

Inventory:

Hand weapons
 a - a +1,+1 dagger (weapon)
Missiles
 d - 12 darts (quivered)
 x - 4 tomahawks
Armour
 b - a +1 robe (worn)
Comestibles
 f - 2 bread rations
 g - a choko
 r - an apple
Scrolls
 h - 2 scrolls of enchant armour {unknown}
 i - 2 scrolls of curse armour {unknown}
 k - a scroll of immolation {unknown}
 m - 2 scrolls of identify {unknown}
 p - a scroll of teleportation {unknown}
 y - a scroll of amnesia {unknown}
 z - a scroll of curse weapon {unknown}
Jewellery
 j - an uncursed amulet of the gourmand {unknown}
 v - a +1 ring of intelligence {unknown}
Potions
 e - a potion of porridge
 l - a potion of lignification {unknown}
 n - a potion of magic {unknown}
 o - a potion of speed {unknown}
 q - 3 potions of curing {unknown}
 s - a potion of agility {unknown}
 t - a potion of poison {unknown}
 u - a potion of restore abilities {unknown}
 w - a potion of paralysis {unknown}
Books
 c - a book of Maledictions

   Spells                             Type                      Level
   *Corona                            Hexes                        1
   Sure Blade                         Hexes/Charms                 2
   *Ensorcelled Hibernation           Hexes/Ice                    2
   Confuse                            Hexes                        3
   Enslavement                        Hexes                        4
   Invisibility                       Hexes                        6


   Skills:
 * Level 2.9 Short Blades
 - Level 1.1 Throwing
 - Level 3.0 Dodging
 * Level 4.7 Stealth
 + Level 3.1 Spellcasting
 + Level 4.1 Hexes


You had 6 spell levels left.
You knew the following spells:

 Your Spells              Type           Power        Failure   Level  Hunger
a - Corona                Hex            ###....      4%          1    #......
b - Ensorcelled Hibernat  Hex/Ice        #.....       14%         2    ##.....


Dungeon Overview and Level Annotations

Branches:
Dungeon (3/16)

Altars:
Trog
Zin

Annotations:
D:3 Sigmund


Innate Abilities, Weirdness & Mutations

You are tiny and cannot use many weapons and most armour.
You have supernaturally acute eyesight.
You are a herbivore.
You cover ground extremely quickly.
You need consume almost no food.


Message History

You hit the goblin.
You kill the goblin!
Sigmund hits you with a glowing scythe!
You barely miss Sigmund. You hit Sigmund.
Sigmund is lightly wounded.
Sigmund casts a spell at you. The magic dart hits you!
* * * LOW HITPOINT WARNING * * *
You are too injured to fight recklessly!
You are too injured to fight recklessly!
You are too injured to fight recklessly!
Casting: Ensorcelled Hibernation
Confirm with . or Enter, or press ? or * to list all spells.
Aiming: Ensorcelled Hibernation
Press: ? - help, Shift-Dir - straight line, f - Sigmund
Aim: Sigmund, wielding a glowing scythe and wearing a robe (lightly wounded) Sigmund resists.
Sigmund hits you with a glowing scythe!
Ouch! That really hurt!
You die...

### ## #.. .. .#.# #.#
#.#. .............
.#.#.#.#.#.#.#
............>..
##.#.#.#@#.#.#.#.#
#.....).@.(.......# #
##.#.#.#.#.#.#.#.##.
#.................. ..
##.#.#.#.#.#.#.#.##...
#..(...%......%......#
##.#.#.#.#.#.#.#.###.#
########..)..####.# ##
#........#.# #.
####.###.#.# #.


You could see Sigmund.

Vanquished Creatures
  Terence (D:2)
  2 adders
  2 worms (D:2)
  An ooze (D:1)
  A giant cockroach (D:1)
  8 goblins
  7 hobgoblins
  4 kobolds
  2 quokkas (D:2)
  4 bats
  2 giant newts (D:1)
  8 rats
42 creatures vanquished.

Notes
Turn   | Place    | Note
--------------------------------------------------------------
     0 | D:1      | Kae, the Spriggan Enchanter, began the quest for the Orb.
     0 | D:1      | Reached XP level 1. HP: 9/9 MP: 4/4
   420 | D:1      | Reached XP level 2. HP: 13/13 MP: 7/7
   707 | D:1      | Learned a level 2 spell: Ensorcelled Hibernation
   911 | D:2      | Reached skill level 4 in Hexes
  1152 | D:2      | Reached XP level 3. HP: 14/16 MP: 1/9
  1473 | D:2      | Found a bloodstained altar of Trog.
  1818 | D:2      | Noticed Terence
  1831 | D:2      | Killed Terence
  2155 | D:2      | Found a glowing silver altar of Zin.
  2183 | D:3      | Reached XP level 4. HP: 21/21 MP: 13/13
  2326 | D:3      | Noticed Sigmund
  2334 | D:3      | Mangled by Sigmund

Action                   |  1- 3 |  4- 6 || total
-------------------------+-------+-------++-------
Melee: Dagger            |   104 |    17 ||   121
 Cast: Ensorcelled Hiber |    11 |     5 ||    16
       Corona            |     2 |       ||     2
 Stab: Sleeping          |    22 |     5 ||    27
